 Dungeon Crawl Stone Soup version 0.28.0 (webtiles) character file.

Game seed: 13878743537486641369

4783 arthad the Cleaver (level 10, -2/123 HPs)
             Began as a Gnoll Cinder Acolyte on Feb 17, 2022.
             Was a High Priest of Ignis.
             Succumbed to Erica's bolt of poison
             ... on level 8 of the Dungeon.
             The game lasted 00:23:44 (8395 turns).

arthad the Cleaver (Gnoll Cinder Acolyte)           Turns: 8395, Time: 00:23:45

Health: -2/123     AC: 25    Str: 14    XL:     10   Next: 47%
Magic:  19/19      EV:  2    Int: 17    God:    Ignis [*****.]
Gold:   429        SH:  0    Dex:  8    Spells: 15/21 levels left

rFire   + . .      SeeInvis .   l - +0 war axe
rCold   . . .      Faith    .   (no shield)
rNeg    . . .      Spirit   .   (armour currently unavailable)
rPois   +          Reflect  .   (helmet currently unavailable)
rElec   .          Harm     .   (cloak currently unavailable)
rCorr   +          Rampage  .   (gloves currently unavailable)
Will    .....      NoTele   +   (boots currently unavailable)
Stlth   +.........              (no amulet)
HPRegen 0.30/turn               e - ring of resist corrosion
MPRegen 0.16/turn               (no ring)

@: confused, lethally poisoned (-2 -> -13), tree-form, slowed, invisible, very
slow
A: stationary, stasis, torment immunity, boosted hp, (fangs 1), strong nose,
distributed training
a: Renounce Religion, Fiery Armour, Foxfire Swarm, Rising Flame


You were on level 8 of the Dungeon.
You worshipped Ignis.
Ignis was extremely pleased with you.
You were a tree.
You visited 1 branch of the dungeon, and saw 8 of its levels.

You collected 429 gold pieces.

Inventory:

Hand Weapons
 a - a -1 hand axe of flaming
 d - the +4 halberd "Ofyownioma" {vorpal, rF- Int+5}
   (You found it on level 5 of the Dungeon)

   It inflicts extra damage upon your enemies.
   Int:       It affects your intelligence (+5).
   rF:        It makes you vulnerable to fire.
 l - a +0 war axe (weapon)
 y - a +0 hunting sling of flaming
Missiles
 c - 4 boomerangs
 g - 7 poisoned darts (quivered)
 h - 52 bolts
 k - 196 arrows
 o - 47 sling bullets
 r - 11 atropa-tipped darts
Armour
 b - a +1 robe
 i - the +18 Lear's hauberk (melded)
   (You found it on level 2 of the Dungeon)
 m - the +3 crown of Dyrovepreva {rElec Int+2 SInv}
   (You found it on level 3 of the Dungeon)

   Int:       It affects your intelligence (+2).
   rElec:     It insulates you from electricity.
   SInv:      It lets you see invisible.
 q - a +1 robe of willpower
 t - a scarf of harm
Magical Staves
 v - a staff of earth
 F - a staff of cold
Jewellery
 e - a ring of resist corrosion (left branch)
 w - an amulet of guardian spirit
Wands
 s - a wand of flame (31)
 u - a wand of iceblast (1)
 C - a wand of mindburst (22)
Scrolls
 j - 2 scrolls of amnesia
 p - 8 scrolls of identify
 z - a scroll of torment {unknown}
 B - a scroll of enchant weapon {unknown}
 D - a scroll of immolation {unknown}
Potions
 f - a potion of lignification
 n - 2 potions of brilliance
 x - a potion of degeneration


   Skills:
 + Level 8.5 Fighting
 + Level 5.3 Short Blades
 + Level 5.3 Long Blades
 + Level 8.5 Axes
 + Level 5.3 Maces & Flails
 + Level 5.3 Polearms
 + Level 5.3 Staves
 + Level 5.3 Slings
 + Level 5.3 Bows
 + Level 5.3 Crossbows
 + Level 5.3 Throwing
 + Level 5.3 Armour
 + Level 5.3 Dodging
 + Level 5.3 Stealth
 + Level 5.3 Shields
 + Level 5.3 Unarmed Combat
 + Level 6.1 Spellcasting
 + Level 4.4 Conjurations
 + Level 4.4 Hexes
 + Level 4.4 Summonings
 + Level 4.4 Necromancy
 + Level 4.4 Translocations
 + Level 4.4 Transmutations
 + Level 7.1 Fire Magic
 + Level 4.4 Ice Magic
 + Level 4.4 Air Magic
 + Level 4.4 Earth Magic
 + Level 4.4 Poison Magic
 + Level 5.8 Invocations
 + Level 5.3 Evocations


You had 15 spell levels left.
You knew the following spells:

 Your Spells              Type           Power      Damage    Failure   Level
a - Scorch                Fire           58%        2d7       1%          2
b - Static Discharge      Conj/Air       20%        N/A       3%          2
c - Blink                 Tloc           40%        N/A       3%          2

Your spell library contained the following spells:

 Spells                   Type           Power      Damage    Failure   Level
 Dazzling Flash           Conj/Hex       40%        N/A       6%          3
 Lesser Beckoning         Tloc           20%        N/A       6%          3
 Tukima's Dance           Hex            20%        N/A       6%          3
 Sticky Flame             Conj/Fire      24%        2d5       12%         4
 Anguish                  Hex/Necr       10%        N/A       21%         4
 Dispel Undead            Necr           20%        3d11      21%         4
 Iskenderun's Mystic Bla  Conj/Tloc      20%        2d6       21%         4
 Alistair's Intoxication  Tmut/Pois      13%        N/A       50%         5
 Borgnjor's Vile Clutch   Necr/Erth      10%        N/A       50%         5
 Lightning Bolt           Conj/Air       10%        1d23      50%         5
 Manifold Assault         Tloc           20%        N/A       50%         5
 Starburst                Conj/Fire      12%        6d5       88%         6
 Eringya's Noxious Bog    Tmut/Pois      10%        N/A       97%         6
 Enfeeble                 Hex            10%        N/A       100%        7
 Maxwell's Capacitive Co  Air            10%        ∞         100%        8


Dungeon Overview and Level Annotations

Branches:
Dungeon (8/15)             Temple (0/1) D:4
   Lair: D:8-11

Altars:
Gozag

Shops:
D:3 (   D:6 (

Annotations:
D:8 Erica


Innate Abilities, Weirdness & Mutations

You are a tree.
Your roots penetrate the ground, keeping you stationary.
You cannot be teleported.
You are immune to unholy pain and torment.
Your maximum health is greatly increased.
Your equipment is partially melded.
((You have very sharp teeth.))
Your uncanny sense of smell can sniff out nearby items.
Your experience applies equally to all skills.


Message History

Unknown command.
Something hits you.
* * * LOW HITPOINT WARNING * * *
The kobold brigand hits you but does no damage.
Unknown command.
Unknown command.
Unknown command.
Unknown command.
Unknown command.
Unknown command.
Unknown command.
You closely miss the kobold brigand.
You bite the kobold brigand, but do no damage.
The kobold brigand is severely wounded.
You completely miss something. The kobold brigand closely misses you.
Something hits you but does no damage.
Unknown command.
Unknown command.
It was a potion of invisibility.
You fade into invisibility!
The kobold brigand barely misses you.
You hear some strange, mumbled words.
You feel yourself slow down.
You're too confused to move!
You hear a zap.
Your will is overpowered!
You are more confused.
You miss something. Something hits you.
* * * LOW HITPOINT WARNING * * *
You hear some strange, mumbled words.
A bolt of poison appears from out of thin air!
The bolt of poison hits you!
You are poisoned.
* * * LOW HITPOINT WARNING * * *
Okay, then.
You are too confused!
Really quaff the potion of lignification?
You turn into a tree.
The +18 Lear's hauberk melds into your body.
Your roots penetrate the ground.
You die...

###.(####.....##...##
#.....# #.#
#...#######.##.#..###..####
#.# #.....##
#....##.†....## #.#
##.....######..##......>##
#.#
####...........#..####..##
#.# #...######..#..#
##..###.# ###.### #.....###
##..##.# #...####.......#
##..... #.#.....♣..#.....#
###...
#.######{†....##..>......
#...#..K.#.##... ###.....
###.#.##.#.# #... #.##..
#...##†#.# ###.... #..
.###..).†..#### ...# #..
#.....).)........ .#. #.#
.........)..##...
###.##.........##


You could see a kobold brigand.

Vanquished Creatures
  A boulder beetle (D:6)
  A two-headed ogre (D:6)
  Pikel (D:6)
  A hornet (D:8)
  Prince Ribbit (D:6)
  2 wyverns (D:8)
  Menkaure (D:4)
  3 ice beasts
  A sky beast (D:7)
  A necrophage (D:5)
  A centaur (D:5)
  A lemure (D:6)
  A kobold brigand (D:6)
  A bullfrog (D:8)
  2 scorpions (D:5)
  A wyvern skeleton (D:5)
  12 killer bees
  A howler monkey (D:6)
  A centaur zombie (D:7)
  2 hounds
  A jelly (D:5)
  5 gnoll shamans
  3 orc priests
  4 iguanas
  4 orc wizards
  A howler monkey skeleton (D:5)
  2 howler monkey zombies (D:6)
  19 gnolls
  3 adders
  2 shadow imps
  3 ufetubi
  2 worms
  2 dart slugs
  24 orcs
  4 ball pythons
  5 endoplasms
  3 giant cockroaches
  8 goblins
  A hobgoblin (D:1)
  4 jackals (D:1)
  2 quokkas
  5 bats
  2 frilled lizards (D:1)
  11 kobolds
  5 rats
161 creatures vanquished.

Notes
Turn   | Place    | Note
-------+----------+-------------------------------------------
     0 | D:1      | arthad the Gnoll Cinder Acolyte began the quest for the
                  | Orb.
     0 | D:1      | Reached XP level 1. HP: 23/23 MP: 4/4
    17 | D:1      | Reached XP level 2. HP: 25/29 MP: 5/5
   195 | D:1      | Learned a level 2 spell: Scorch
   198 | D:1      | Learned a level 2 spell: Static Discharge
   361 | D:1      | Found a faded altar of an unknown god.
   651 | D:1      | Reached XP level 3. HP: 31/35 MP: 7/7
  1534 | D:2      | Found the +18 Lear's hauberk
  1544 | D:2      | Reached skill level 1 in Invocations
  2139 | D:3      | Reached skill level 1 in Short Blades
  2139 | D:3      | Reached skill level 1 in Long Blades
  2139 | D:3      | Reached skill level 1 in Maces & Flails
  2139 | D:3      | Reached skill level 1 in Polearms
  2139 | D:3      | Reached skill level 1 in Staves
  2139 | D:3      | Reached skill level 1 in Slings
  2139 | D:3      | Reached skill level 1 in Bows
  2139 | D:3      | Reached skill level 1 in Crossbows
  2139 | D:3      | Reached skill level 1 in Throwing
  2139 | D:3      | Reached skill level 1 in Armour
  2139 | D:3      | Reached skill level 1 in Dodging
  2139 | D:3      | Reached skill level 1 in Stealth
  2139 | D:3      | Reached skill level 1 in Shields
  2139 | D:3      | Reached skill level 1 in Unarmed Combat
  2139 | D:3      | Reached skill level 1 in Evocations
  2154 | D:3      | Reached XP level 4. HP: 41/41 MP: 8/8
  2343 | D:3      | Found the +3 crown of Dyrovepreva {rElec Int+2 SInv}
  2344 | D:3      | Found Danonoukh's Antique Weapon Shoppe.
  2469 | D:3      | Reached skill level 1 in Conjurations
  2469 | D:3      | Reached skill level 1 in Hexes
  2469 | D:3      | Reached skill level 1 in Summonings
  2469 | D:3      | Reached skill level 1 in Necromancy
  2469 | D:3      | Reached skill level 1 in Translocations
  2469 | D:3      | Reached skill level 1 in Transmutations
  2469 | D:3      | Reached skill level 1 in Ice Magic
  2469 | D:3      | Reached skill level 1 in Air Magic
  2469 | D:3      | Reached skill level 1 in Earth Magic
  2469 | D:3      | Reached skill level 1 in Poison Magic
  2834 | D:4      | Noticed Menkaure
  2837 | D:5      | Entered Level 5 of the Dungeon
  2851 | D:5      | Reached XP level 5. HP: 24/47 MP: 9/9
  3071 | D:5      | Reached XP level 6. HP: 13/53 MP: 9/11
  3378 | D:4      | Killed Menkaure
  3688 | D:4      | Found a staircase to the Ecumenical Temple.
  3800 | D:4      | Reached XP level 7. HP: 52/59 MP: 12/12
  4041 | D:4      | Found an opulent altar of Gozag.
  4280 | D:5      | Identified the +4 halberd "Ofyownioma" {vorpal, rF- Int+5}
  4872 | D:5      | Reached XP level 8. HP: 59/67 MP: 14/14
  5023 | D:6      | Found Ybroloc's Weapon Boutique.
  5373 | D:6      | Noticed Pikel
  5381 | D:6      | Killed Pikel
  5382 | D:6      | Reached XP level 9. HP: 73/73 MP: 14/16
  5428 | D:6      | Learned a level 2 spell: Blink
  5561 | D:6      | Reached skill level 5 in Spellcasting
  5899 | D:6      | Noticed Prince Ribbit
  5911 | D:6      | Killed Prince Ribbit
  6057 | D:6      | Noticed a two-headed ogre
  6059 | D:6      | Noticed a boulder beetle
  6064 | D:6      | Killed a two-headed ogre
  6065 | D:6      | Reached skill level 5 in Invocations
  6097 | D:6      | Killed a boulder beetle
  6098 | D:6      | Reached XP level 10. HP: 25/80 MP: 18/18
  6561 | D:7      | Reached skill level 5 in Short Blades
  6561 | D:7      | Reached skill level 5 in Long Blades
  6561 | D:7      | Reached skill level 5 in Maces & Flails
  6561 | D:7      | Reached skill level 5 in Polearms
  6561 | D:7      | Reached skill level 5 in Staves
  6561 | D:7      | Reached skill level 5 in Slings
  6561 | D:7      | Reached skill level 5 in Bows
  6561 | D:7      | Reached skill level 5 in Crossbows
  6561 | D:7      | Reached skill level 5 in Throwing
  6561 | D:7      | Reached skill level 5 in Armour
  6561 | D:7      | Reached skill level 5 in Dodging
  6561 | D:7      | Reached skill level 5 in Stealth
  6561 | D:7      | Reached skill level 5 in Shields
  6561 | D:7      | Reached skill level 5 in Unarmed Combat
  6561 | D:7      | Reached skill level 5 in Evocations
  8357 | D:8      | Noticed Erica
  8394 | D:8      | HP: 1/82 [something/bolt of poison (15)]
  8395 | D:8      | Succumbed to Erica's bolt of poison

Illustrated notes

Levels and vault maps discovered:
D:1:      minmay_arrival_glassed_features, layout_basic,
          nicolae_ecumenical_lake_church, eino_curves_02
D:2:      layout_loops_ring, chequers_decorated_corner
D:3:      layout_rooms, serial_shops, nicolae_shop_advertising_works
          [nicolae_subvault_shop_adworks]
D:4:      layout_loops_ring, kennysheep_mini, temple_hall, uniq_menkaure
D:5:      layout_cave_pools, minmay_fractal_squares_gapless_5
D:6:      minmay_cornered_nines, layout_basic, serial_shops,
          nicolae_shop_crystal, uniq_prince_ribbit1, uniq_pikel
D:7:      layout_basic
D:8:      minmay_blocky_corners, layout_rooms, serial_glass, glass_columns_b,
          glass_columns_a, amcnicky_mini_corridor_feature, uniq_erica

Skill      XL: |  1  2  3  4  5  6  7  8  9 10 |
---------------+-------------------------------+-----
Invocations    | 1 2 3 4 5 |  5.8
Short Blades   | 1 2 3 4 5 |  5.3
Long Blades    | 1 2 3 4 5 |  5.3
Maces & Flails | 1 2 3 4 5 |  5.3
Polearms       | 1 2 3 4 5 |  5.3
Staves         | 1 2 3 4 5 |  5.3
Slings         | 1 2 3 4 5 |  5.3
Bows           | 1 2 3 4 5 |  5.3
Crossbows      | 1 2 3 4 5 |  5.3
Throwing       | 1 2 3 4 5 |  5.3
Armour         | 1 2 3 4 5 |  5.3
Dodging        | 1 2 3 4 5 |  5.3
Stealth        | 1 2 3 4 5 |  5.3
Shields        | 1 2 3 4 5 |  5.3
Unarmed Combat | 1 2 3 4 5 |  5.3
Evocations     | 1 2 3 4 5 |  5.3
Spellcasting   | 3 4 5 6 |  6.1
Conjurations   | 1 2 3 4 |  4.4
Hexes          | 1 2 3 4 |  4.4
Summonings     | 1 2 3 4 |  4.4
Necromancy     | 1 2 3 4 |  4.4
Translocations | 1 2 3 4 |  4.4
Transmutations | 1 2 3 4 |  4.4
Ice Magic      | 1 2 3 4 |  4.4
Air Magic      | 1 2 3 4 |  4.4
Earth Magic    | 1 2 3 4 |  4.4
Poison Magic   | 1 2 3 4 |  4.4
Fighting       | 7 8 |  8.5
Axes           | 7 8 |  8.5
Fire Magic     | 6 7 |  7.1

Action                   |  1- 3 |  4- 6 |  7- 9 | 10-12 || total
-------------------------+-------+-------+-------+-------++-------
Melee: Hand axe          |    98 |    17 |       |       ||   115
       Bite              |     9 |     8 |    28 |    17 ||    62
       Punch             |     4 |     2 |     7 |     5 ||    18
       War axe           |       |    81 |   237 |   152 ||   470
Throw: Dart              |       |     5 |     6 |       ||    11
Invok: Fiery Armour      |       |     1 |     2 |       ||     3
Evoke: Wand              |       |       |    11 |     7 ||    18
  Use: Potion            |       |     1 |       |     4 ||     5
       Scroll            |       |       |     8 |       ||     8
Armor: Robe              |    18 |       |       |       ||    18
       Chain mail        |    15 |    74 |   250 |   182 ||   521
Dodge: Dodged            |    48 |    24 |    84 |    88 ||   244
